 Dungeon Crawl Stone Soup version 0.28.0-53-g5a82cb258f (webtiles) character file.

Game seed: 814433337334346676

1 Descartes the Ducker (level 1, -1/10 HPs)
             Began as a Felid Chaos Knight on July 22, 2022.
             Was a Plaything of Xom.
             Slain by a goblin
             ... wielding a +0 club
              (3 damage)
             ... on level 1 of the Dungeon.
             The game lasted 00:00:23 (130 turns).

Descartes the Ducker (Felid Chaos Knight)            Turns: 130, Time: 00:00:24

Health: -1/10      AC:  1    Str:  8    XL:     1   Next: 16%
Magic:  2/2        EV: 17    Int: 13    God:    Xom [..*...]
Gold:   4          SH:  0    Dex: 15    Spells: 0/0 levels left
                                        Lives:  0   Deaths: 0

rFire   . . .      SeeInvis +     - Unarmed
rCold   . . .      Faith    .   (shield unavailable)
rNeg    . . .      Spirit   .   (armour unavailable)
rPois   +          Reflect  .   (helmet unavailable)
rElec   .          Harm     .   (cloak unavailable)
rCorr   .          Rampage  .   (gloves unavailable)
Will    .....                   (boots unavailable)
Stlth   +.........              (no amulet)
HPRegen 0.03/turn               b - ring of poison resistance
MPRegen 0.08/turn               (no ring)

@: quick
A: very small, claws 1, fangs 3, see invisible, speed 1, shaggy fur 1, stealthy
paws, no weapons or thrown items, no armour, multi-lived
a: Renounce Religion


You were on level 1 of the Dungeon.
You worshipped Xom.
You were a toy of Xom.
You visited 1 branch of the dungeon, and saw 1 of its levels.

You collected 4 gold pieces.

Inventory:

Jewellery
 b - a ring of poison resistance (left paw)
Scrolls
 a - a scroll of fear {unknown}


   Skills:
 - Level 3.0 Fighting
 + Level 3.2 Dodging
 + Level 0.2 Stealth
 + Level 3.0 Unarmed Combat


You couldn't memorise any spells.
You didn't know any spells.
Your spell library was empty.

Dungeon Overview and Level Annotations

Branches:
Dungeon (1/15)

Altars:


Innate Abilities, Weirdness & Mutations

You have sharp claws.
You have razor-sharp teeth.
You have supernaturally acute eyesight. (SInv)
You cover ground quickly. (Speed+)
You are covered in fur. (AC +1)
Your paws help you pounce on unaware monsters.
You are incapable of wielding weapons or throwing items.
You cannot wear armour.
You gain extra lives every three experience levels.


Message History

A dart slug comes into view.
A quokka comes into view.
The goblin misses you. The dart slug launches a dart at you.
The slug dart hits you.
Ouch! That really hurt!
There is a stone staircase leading down here.
You are too injured to fight recklessly!
You are too injured to fight recklessly!
You are too injured to fight recklessly!
You are too injured to fight recklessly!
You are too injured to fight recklessly!
You are too injured to fight recklessly!
You are too injured to fight recklessly!
You are too injured to fight recklessly!
You are too injured to fight recklessly!
You are too injured to fight recklessly!
You are too injured to fight recklessly!
You are too injured to fight recklessly!
You are too injured to fight recklessly!
You are too injured to fight recklessly!
You are too injured to fight recklessly!
You are too injured to fight recklessly!
You are too injured to fight recklessly!
You are too injured to fight recklessly!
You are too injured to fight recklessly!
You are too injured to fight recklessly!
You are too injured to fight recklessly!
You are too injured to fight recklessly!
You are too injured to fight recklessly!
You barely miss the goblin. The goblin hits you with a +0 club.
* * * LOW HITPOINT WARNING * * *
You closely miss the goblin. You bite the goblin.
The goblin is moderately wounded.
The goblin misses you.
You scratch the goblin.
The goblin is severely wounded.
The goblin barely misses you. The goblin hits you with a +0 club.
You die...

#### ... #### ..# #
...#####.# ## .#
##)...... .##.# ..
..####.### ..#.##...
#........### #........
###.##.....# #g..r# #
###.###.##.# #@# ...
##..# #....#####g#..g#
##.## ####.........$.#
##.# ####....#.....#
#.(# #..........# #.####
#..##.#......
.....####....##..#.#....
##........... .## ....#
###.######.## . #...


You could see a quokka and 2 goblins.

Vanquished Creatures
  A hobgoblin (D:1)
1 creature vanquished.

Notes
Turn   | Place    | Note
-------+----------+-------------------------------------------
     0 | D:1      | Descartes the Felid Chaos Knight began the quest for the
                  | Orb.
     0 | D:1      | Reached XP level 1. HP: 10/10 MP: 2/2
     0 | D:1      | Noticed a purple draconian
     1 | D:1      | Noticed a tentacled monstrosity
     3 | D:1      | Noticed an orb of fire
     3 | D:1      | Noticed an iron dragon
     5 | D:1      | Noticed an iron dragon
     6 | D:1      | Noticed a large abomination
     7 | D:1      | Noticed an orb of fire
     8 | D:1      | Noticed a shadow dragon
     9 | D:1      | Noticed a tentacled monstrosity
    11 | D:1      | Noticed a green draconian
    13 | D:1      | Noticed an orb of fire
    15 | D:1      | Noticed an ice dragon
    15 | D:1      | Noticed a tentacled monstrosity
    15 | D:1      | Noticed a black draconian
    17 | D:1      | Noticed an ice dragon
    17 | D:1      | Noticed a tentacled monstrosity
    19 | D:1      | Noticed a shadow dragon
    19 | D:1      | Noticed a large abomination
    21 | D:1      | Noticed an iron dragon
   130 | D:1      | Slain by a goblin

Illustrated notes

Levels and vault maps discovered:
D:1:      shiori_arrival_whats_in_store_for_you, layout_rooms

Action                   || total
-------------------------++-------
Melee: Unarmed           ||     5
       Bite              ||     1
Dodge: Dodged            ||     4
